 Dungeon Crawl Stone Soup version 0.29-a0-234-g0dae59b3db (webtiles) character file.

Game seed: 12715643556273968995

214 bande the Covered (level 5, -2/33 HPs)
             Began as a Gargoyle Fighter on Mar 4, 2022.
             Slain by an ogre
             ... wielding a +0 giant club
              (14 damage)
             ... on level 3 of the Dungeon.
             The game lasted 00:06:11 (3202 turns).

bande the Covered (Gargoyle Fighter)                Turns: 3202, Time: 00:06:12

Health: -2/33      AC: 14    Str: 19    XL:     5   Next: 92%
Magic:  5/5        EV:  9    Int: 12    God:
Gold:   147        SH:  4    Dex: 11    Spells: 4/4 levels left

rFire   . . .      SeeInvis .   a - +1 war axe (vamp)
rCold   . . .      Faith    .   c - +0 buckler
rNeg    + + .      Spirit   .   b - +0 scale mail
rPois   ∞          Reflect  .   j - +2 helmet {Int+3}
rElec   +          Harm     .   (no cloak)
rCorr   .          Rampage  .   (no gloves)
Will    .....                   (no boots)
Stlth   ..........              (no amulet)
HPRegen 0.11/turn               n - ring of positive energy
MPRegen 0.09/turn               (no ring)

@: no status effects
A: sickness immunity, AC +4, negative energy resistance 1, electricity
resistance, torment resistance 1, petrification resistance
a: no special abilities


You were on level 3 of the Dungeon.
You visited 1 branch of the dungeon, and saw 4 of its levels.

You collected 147 gold pieces.

Inventory:

Hand Weapons
 a - a +1 vampiric war axe (weapon)
 o - a +0 morningstar
Armour
 b - a +0 scale mail (worn)
 c - a +0 buckler (worn)
 g - a +2 hat of see invisible
 j - a +2 helmet of intelligence (worn)
Jewellery
 h - an amulet of the acrobat
 n - a ring of positive energy (left hand)
Scrolls
 i - 2 scrolls of teleportation
 k - a scroll of enchant weapon
 m - a scroll of silence {unknown}
Potions
 d - a potion of might
 e - 3 potions of brilliance
 f - a potion of mutation {unknown}
 l - a potion of lignification {unknown}
 p - a potion of attraction {unknown}
 q - a potion of haste {unknown}
 r - a potion of curing {unknown}


   Skills:
 + Level 4.0 Fighting
 + Level 4.0 Axes
 + Level 4.3 Armour
 - Level 0.2 Dodging
 + Level 3.9 Shields


You had 4 spell levels left.
You didn't know any spells.
Your spell library contained the following spells:

 Spells                   Type           Power      Damage    Failure   Level
 Animate Skeleton         Necr           0%         N/A       77%         1
 Pain                     Necr           0%         1d4       77%         1
 Vampiric Draining        Necr           0%         2d6       98%         3


Dungeon Overview and Level Annotations

Branches:
Dungeon (4/15)
 Temple: D:4-7

Altars:
Dithmenos
Gozag
Zin

Shops:
D:3 !**?[


Innate Abilities, Weirdness & Mutations

You are immune to sickness and miasma.
Your stone body is resilient. (AC +4)
You are immune to poison.
You resist negative energy. (rN+)
You are resistant to electric shocks. (rElec)
You are resistant to unholy torment.
You are immune to petrification.


Message History

The hobgoblin closely misses you.
You hit the hobgoblin.
You kill the hobgoblin!
No target in view!
No target in view!
No target in view!
No target in view!
There is an open door here.
You open the door.
There is an open door here.
Found a stone staircase leading up.
Done exploring.
Done exploring.
There is an open door here.
There is an entrance to Foill's Armour Shoppe here.
There is an open door here.
There is a stone staircase leading down here.
You climb downwards.
You hear the sound of rushing water.
There is an entrance to a sewer on this level.
Hurry and find it before the portal rusts away!
There is a stone staircase leading up here.
You block the ogre's attack.
You climb upwards.
There is a stone staircase leading down here.
You hit the ogre.
The ogre is lightly wounded.
The ogre hits you with a +0 giant club!
You slash the ogre!
You feel better.
The ogre is heavily wounded.
The ogre hits you with a +0 giant club.
You completely miss the ogre.
The ogre is heavily wounded.
The ogre hits you with a +0 giant club!
You hit the ogre.
You feel better.
The ogre is heavily wounded.
You block the ogre's attack.
You hit the ogre but do no damage.
The ogre is heavily wounded.
The ogre hits you with a +0 giant club!
You die...

# ### ######## '.# #.#....#
#.# ### #.#.##.##
#.#####<## ####.#.#...#
#........# #####......###.#
.##......# #...#.###......#
.##......###.#.#...#)######
.........).....O@#.#.#
.##..........#.......#
.##.......##...#...#.#
........).##.###.....#
..........##.......#.#
.......∩)∩##....##.#.#
......#...###.#....#.#
####...∩.∩.##.######.#
#........##.#...##.####


You could see an ogre.

Vanquished Creatures
  2 orc priests
  Jessica (D:2)
  An orc wizard (D:2)
  3 adders
  A worm (D:3)
  2 dart slugs
  6 orcs (D:3)
  5 ball pythons
  9 endoplasms
  A giant cockroach (D:2)
  6 goblins
  6 hobgoblins
  6 kobolds
  2 quokkas
  8 bats
  3 frilled lizards
  2 rats
64 creatures vanquished.

Notes
Turn   | Place    | Note
-------+----------+-------------------------------------------
     0 | D:1      | bande the Gargoyle Fighter began the quest for the Orb.
     0 | D:1      | Reached XP level 1. HP: 14/14 MP: 1/1
   242 | D:1      | Reached XP level 2. HP: 19/19 MP: 2/2
   784 | D:1      | Reached XP level 3. HP: 14/23 MP: 3/3
  1326 | D:2      | Noticed Jessica
  1333 | D:2      | Killed Jessica
  1334 | D:2      | Reached XP level 4. HP: 26/29 MP: 4/4
  2346 | D:2      | Reached XP level 5. HP: 33/33 MP: 5/5
  2600 | D:3      | Found a faded altar of an unknown god.
  2635 | D:3      | Found Nafoyfig's General Store.
  2675 | D:3      | Found Kacu's General Store.
  2675 | D:3      | Found Isunaott's Magic Scroll Emporium.
  2839 | D:3      | Found Foill's Armour Shoppe.
  2902 | D:3      | Found Qoegeng's Distillery.
  3021 | D:3      | Found a shadowy altar of Dithmenos.
  3068 | D:3      | Found a glowing silver altar of Zin.
  3069 | D:3      | Found an opulent altar of Gozag.
  3194 | D:4      | Noticed an ogre
  3202 | D:3      | Slain by an ogre

Illustrated notes

Levels and vault maps discovered:
D:1:      shiori_shiawase, layout_basic
D:2:      layout_rooms, uniq_jessica
D:3:      layout_basic, grunt_temple_overflow_gold_and_silver,
          pf_just_have_faith, hellmonk_ecumenical_altar_crossroads,
          serial_shops, shop, shop, shop, nicolae_shop_behind_doors,
          nicolae_shop_competitors_out_of_business
D:4:      layout_rooms, serial_shops, shop, portal_sewer_entry_c,
          minmay_circle_x

Skill      XL: |  1  2  3  4  5 |
---------------+----------------+-----
Axes           | 2 3 4 |  4.0
Armour         | 4 |  4.3
Fighting       | 4 |  4.0
Dodging        | |  0.2
Shields        | |  3.9

Action                   |  1- 3 |  4- 6 || total
-------------------------+-------+-------++-------
Melee: War axe           |    69 |    95 ||   164
  Use: Scroll            |     2 |     8 ||    10
Armor: Scale mail        |    39 |    62 ||   101
Dodge: Dodged            |    26 |    47 ||    73
Block: Buckler           |    17 |    21 ||    38

Table legend: (Time is in decaauts)
 A = Elapsed time spent in this place.
 B = Non-inter-level travel time spent in this place.
 C = Inter-level travel time spent in this place.
 D = Time resting spent in this place.
 E = Time spent auto-exploring this place.
 F = Levels seen in this place.
 G = Mean time per level.
                   A        B        C        D        E       F      G
               +--------+--------+--------+--------+--------+-----+--------+
         Total |   3270 |   3242 |     28 |   1404 |   1235 |   4 |  817.5 |
       Dungeon |   3270 |   3242 |     28 |   1404 |   1235 |   4 |  817.5 |
               +--------+--------+--------+--------+--------+-----+--------+

Top non-repeatable levels by time:
     D:2: 1336 daAuts
     D:1: 1207 daAuts
     D:3: 723 daAuts
     D:4: 2 daAuts
